 Dungeon Crawl Stone Soup version 0.31-a0-37-g98a128e1d9 (webtiles) character file.

Game seed: 9493997006081359951

89693 graymark the Blocker (level 15, -5/85 HPs)
             Began as a Gnoll Fighter on May 15, 2023.
             Was the Champion of the Shining One.
             Collided with a stone wall (13 damage)
             ... caused by a wretched star
             ... on level 3 of the Abyss on May 16, 2023.
             The game lasted 02:38:05 (22537 turns).

graymark the Blocker (Gnoll Fighter)               Turns: 22537, Time: 02:38:08

Health: -5/85      AC: 18    Str: 18      XL:     15   Next: 98%
Magic:  11/23      EV: 17    Int:  2 (5)  God:    the Shining One [******]
Gold:   48         SH: 12    Dex:  6 (7)  Spells: 15/35 levels left

rFire   x . .        X - +8 trident of the Octopus King {venom, rElec rPois}
rCold   x x .        c - +1 kite shield
rNeg    + + +        O - +0 swamp dragon scales
rPois   +            o - +2 helmet
rElec   +            P - +0 cloak {rCorr}
rCorr   +            u - +2 pair of gloves
SInv    .            s - +1 pair of boots
Will    +....        Q - amulet of regeneration
Stlth   ++           r - ring of protection from fire
HPRegen 1.14/turn    p - +5 ring of evasion
MPRegen 0.18/turn

%: random rage (9%)
@: on berserk cooldown, slowed, glowing, studying Necromancy, unable to read,
unable to drink, very slow
A: fangs 1, strong nose, distributed training, [berserk 2], [clumsy 2],
[deformed body], [deterioration 2], [dopey 2], [frail 3], [low MP 2], [screaming
2], ([teleportitis 2]), [weak 2], [no potion heal 2], [cold vulnerability 2],
[heat vulnerability 2], [subdued magic 3], [inability to drink after injury 2],
[inability to read after injury 2]
a: Renounce Religion, Divine Shield, Cleansing Flame, Summon Divine Warrior,
Brand Weapon With Holy Wrath


You were on level 3 of the Abyss.
You worshipped the Shining One.
The Shining One was exalted by your worship.
You visited 3 branches of the dungeon, and saw 21 of its levels.
You visited the Abyss 1 time.
You also visited: Sewer.

You collected 1972 gold pieces.
You spent 1924 gold pieces at shops.

Inventory:

Hand Weapons
 a - a +2 scimitar of flaming
 n - a +3 trident of freezing
 y - a +3 broad axe
 I - a +5 halberd
 M - a +1 flail of holy wrath
 X - the +8 trident of the Octopus King (weapon) {venom, rElec rPois}
   (You found it on level 5 of the Lair of Beasts)

   rElec:     It insulates you from electricity.
   rPois:     It protects you from poison.
Missiles
 A - 3 silver boomerangs
Armour
 c - a +1 kite shield (worn)
 o - a +2 helmet (worn)
 s - a +1 pair of boots (worn)
 u - a +2 pair of gloves (worn)
 z - a +4 plate armour of willpower
 O - +0 swamp dragon scales (worn)
 P - a +0 cloak of preservation (worn)
Magical Staves
 E - a staff of air
Jewellery
 f - a ring of flight
 p - a +5 ring of evasion (right hand)
 r - a ring of protection from fire (left hand)
 D - a +6 ring of dexterity
 K - a ring of protection from fire
 Q - an amulet of regeneration (around neck)
 S - a +6 ring of strength
 Z - an amulet of magic regeneration
Wands
 b - a wand of mindburst (8)
 i - a wand of iceblast (12) (quivered)
 F - a wand of digging (9)
 L - a wand of quicksilver (6)
 U - a wand of paralysis (4)
 W - a wand of polymorph (8)
Scrolls
 e - 4 scrolls of immolation
 l - 2 scrolls of silence
 m - 3 scrolls of magic mapping
 t - 3 scrolls of teleportation
 B - 4 scrolls of fog
 J - 4 scrolls of fear
 N - 2 scrolls of poison
 T - 3 scrolls of amnesia
 V - 6 scrolls of identify
 Y - 2 scrolls of blinking
Potions
 d - 9 potions of curing
 g - 4 potions of mutation
 h - 4 potions of flight
 j - 4 potions of haste
 k - 3 potions of resistance
 q - 4 potions of might
 v - 6 potions of heal wounds
 w - 8 potions of brilliance
 x - 7 potions of ambrosia
 C - a potion of berserk rage
 G - 3 potions of cancellation
 H - 4 potions of lignification
 R - 4 potions of magic


   Skills:
 + Level 12.6 Fighting
 + Level 10.9 Short Blades
 + Level 10.9 Long Blades
 + Level 10.9 Axes
 + Level 10.9 Maces & Flails
 + Level 11.8 Polearms
 + Level 10.9 Staves
 + Level 10.9 Ranged Weapons
 + Level 10.9 Throwing
 + Level 12.6 Armour
 + Level 10.9 Dodging
 + Level 10.9 Stealth
 + Level 12.6 Shields
 + Level 10.9 Unarmed Combat
 + Level 10.9 Spellcasting
 + Level 9.1 Conjurations
 + Level 9.1 Hexes
 + Level 9.1 Summonings
 + Level 9.5 Necromancy
 + Level 9.1 Translocations
 + Level 9.1 Transmutations
 + Level 9.1 Fire Magic
 + Level 9.1 Ice Magic
 + Level 9.1 Air Magic
 + Level 9.1 Earth Magic
 + Level 9.1 Poison Magic
 + Level 11.8 Invocations
 + Level 10.9 Evocations


You had 15 spell levels left.
You knew the following spells:

 Your Spells              Type           Power      Damage    Failure   Level
a - Wereblood             Tmut           2%         N/A       1%          2
b - Inner Flame           Hex/Fire       2%         N/A       1%          3
c - Sticky Flame          Conj/Fire      2%         2d3       8%          4
d - Summon Lightning Spi  Summ/Air       2%         N/A       8%          4
e - Swiftness             Air            2%         N/A       1%          3
f - Airstrike             Air            1%         2d(1-17)  8%          4

Your spell library contained the following spells:

 Spells                   Type           Power      Damage    Failure   Level
 Shock                    Conj/Air       8%         1d3       1%          1
 Summon Small Mammal      Summ           8%         N/A       1%          1
 Static Discharge         Conj/Air       4%         2-3/arc   1%          2
 Sublimation of Blood     Necr           2%         N/A       1%          2
 Call Canine Familiar     Summ           2%         N/A       1%          3
 Summon Guardian Golem    Hex/Summ       2%         N/A       1%          3
 Flame Wave               Conj/Fire      2%         2d4       8%          4
 Petrify                  Tmut/Erth      2%         N/A       8%          4
 Summon Ice Beast         Ice/Summ       2%         N/A       8%          4
 Fireball                 Conj/Fire      1%         3d3       24%         5
 Irradiate                Conj/Tmut      1%         3d12      24%         5
 Iskenderun's Battlesphe  Conj           2%         2d6       24%         5
 Summon Mana Viper        Hex/Summ       2%         N/A       24%         5
 Conjure Ball Lightning   Conj/Air       1%         3x3d6     85%         6
 Monstrous Menagerie      Summ           1%         N/A       100%        7
 Orb of Destruction       Conj           1%         9d5       100%        7
 Spellforged Servitor     Conj/Summ      1%         N/A       100%        7
 Summon Hydra             Summ           1%         N/A       100%        7
 Chain Lightning          Conj/Air       1%         3d1       100%        9
 Fire Storm               Conj/Fire      1%         7d1       100%        9
 Shatter                  Erth           1%         3d5*      100%        9


Dungeon Overview and Level Annotations

Branches:
Dungeon (14/15)            Temple (0/1) D:6            Lair (5/5) D:8
  Swamp (0/4) Lair:2       Spider (0/4) Lair:2        Slime (0/5) Lair:4
    Orc (2/2) D:11            Elf (0/3) Orc:2        Vaults (0/5) D:14
  Sewer (visited)

Altars:
Ashenzari
Dithmenos
Kikubaaqudgha
Makhleb
Okawaru
Qazlal
Uskayaw
Yredelemnul
The Shining One

Shops:
D:12 (   D:14 *   Orc:1 (   Orc:2 ?[*(

Annotations:
D:14 1 runed translucent door, Louise; Umoran's ghost, journeyman GrEE
Lair:1 2 transporters, exclusion: ice statue, Yxuita's ghost, novice FeCj
Lair:4 1 runed translucent door


Innate Abilities, Weirdness & Mutations

You have very sharp teeth.
Your uncanny sense of smell can sniff out nearby items.
Your experience applies equally to all skills.
[You have an uncontrollable temper.]
[You are very clumsy. (Dex -4)]
[Armour fits poorly on your strangely shaped body.]
[Your body often deteriorates upon taking damage.]
[You are very dopey. (Int -4)]
[You are extremely frail. (-30% HP)]
[Your magical capacity is very low. (-20% MP)]
[You frequently scream uncontrollably at your foes.]
[((You are often teleported next to monsters.))]
[You are very weak. (Str -4)]
[Potions cannot restore your health.]
[You are very vulnerable to cold. (rC--)]
[You are very vulnerable to heat. (rF--)]
[Your spells are much easier to cast, but much less powerful.]
[You sometimes lose the ability to drink potions when taking damage.]
[You sometimes lose the ability to read scrolls when taking damage.]


Message History

Reach: X) +8 trident of the Octopus King {venom, rElec rPois}
Press: ? - help, Dir - move target, f/p - wretched star
Aim: a wretched star (almost destroyed, haloed, about 15% to evade the +8 trident of the Octopus King)
You hit the wretched star.
The wretched star is almost destroyed.
The wretched star glows turbulently.
The lance of force hits you!
* * * LOW HITPOINT WARNING * * *
You are knocked back by the lance of force.
You slam into the stone wall!
The wretched star pulses with an eldritch light!
You feel the urge to shout.
You feel a strong urge to scream.
You cannot drink potions in your current state!
Reach: X) +8 trident of the Octopus King {venom, rElec rPois}
Press: ? - help, Dir - move target, f/p - wretched star
Aim: a wretched star (almost destroyed, haloed, about 15% to evade the +8 trident of the Octopus King)
You barely miss the wretched star.
The wretched star is almost destroyed.
The wretched star glows turbulently.
The lance of force hits you!! The Shining One protects you from harm!
You are knocked back by the lance of force.
You slam into the stone wall!
* * * LOW HITPOINT WARNING * * *
Activating: Cleansing Flame (1% risk of failure)
Press: ? - help, Dir - look around, f - activate The golden flame engulfs you but does no damage.
You resist.
The golden flame engulfs the wretched star!
You destroy the wretched star!
You cannot drink potions in your current state!
You cannot read scrolls in your current state!
A wretched star comes into view.
You are momentarily dazzled by a brilliant light.
The wretched star glows turbulently.
The lance of force hits you!
* * * LOW HITPOINT WARNING * * *
You are knocked back by the lance of force.
You slam into the stone wall!
You die...

. . . #.##
#.#.#### #
#...@.## .
.
##A..#.#..
#...*#..#
#.####..#.#
#.......#..
#..#
..3#### #
#.....###
.§.§.... .
#.####.# ##


You could see a wretched star (ally target), a ynoxinul and a friendly daeva
(summoned).

Vanquished Creatures
  A tentacled starspawn (Abyss:3)
  Gastronok (D:10)
  An orc warlord (Orc:2)
  The ghost of bmj180 the Frost Mage, a journeyman DrIE of Vehumet (Lair:5)
  Azrael (D:12)
  A green death (Abyss:3)
  Josephine (D:10)
  Snorg (D:12)
  A radroach (shapeshifter) (D:14)
  5 hydras
  A merfolk avatar (Lair:5)
  The ghost of PaleRider the Severer, a journeyman HOMo of the Shining One (D:9)
  A boulder beetle (D:13)
  2 centaur warriors
  2 dancing weapons (D:14)
  2 death knights
  3 two-headed ogres
  4 orc high priests (Orc:2)
  Sonja (D:11)
  Urug (D:12)
  3 wretched stars (Abyss:3)
  A pharaoh ant (Lair:2)
  7 skeletal warriors
  3 skysharks
  A sea snake (Lair:5)
  A bog body (Lair:2)
  A phantasmal warrior (D:13)
  A wizard (D:14)
  2 orc knights (Orc:1)
  A lindwurm (Lair:4)
  14 ugly things
  An orc sorcerer (Orc:2)
  A worldbinder (Abyss:3)
  2 harpies (Lair:5)
  6 cyclopes
  2 manticores
  5 elephants (Lair:5)
  4 black mambas
  2 gargoyles
  A torpor snail (Lair:5)
  Joseph (D:10)
  10 cane toads
  Maggie (D:7)
  An orange demon (Abyss:3)
  7 rime drakes
  An unseen horror (D:12)
  4 freezing wraiths
  A kobold demonologist (D:11)
  10 komodo dragons
  11 starcursed masses (Abyss:3)
  2 hornets
  10 trolls
  2 wind drakes (Lair:5)
  A polar bear (Lair:5)
  8 blink frogs
  2 snapping turtles (Lair:5)
  4 raiju (Abyss:3)
  A tarantella (Lair:2)
  4 slime creatures
  5 dream sheep (Lair:5)
  2 shadows (D:11)
  A vampire (D:12)
  A jumping spider (Lair:2)
  7 wraiths
  2 large abominations (Abyss:3)
  3 wyverns
  A ynoxinul (Abyss:3)
  3 basilisks
  60 yaks
  3 vampire mosquitoes
  2 chaos spawn (Abyss:3)
  A redback (Lair:2)
  2 steam dragons
  9 wargs
  2 swamp worms (Lair:2)
  2 acid dragons (D:8)
  5 hell hounds (D:12)
  15 water moccasins
  20 orc warriors
  A swamp drake (D:11)
  3 black bears
  5 ice beasts
  Pargi (Sewer)
  7 ogres
  A sky beast (D:8)
  14 wolves
  10 centaurs
  3 kobold brigands
  6 bullfrogs
  A gnoll sergeant (Orc:2)
  4 scorpions
  5 wights (D:6)
  2 small abominations (Abyss:3)
  5 killer bees (D:10)
  12 howler monkeys
  12 electric eels
  8 hounds
  3 jellies
  26 orc priests
  2 sleepcaps
  2 gnoll boudas
  Terence (D:2)
  6 iguanas
  24 orc wizards
  Natasha (thrice) (D:2)
  A centaur simulacrum (D:9)
  12 gnolls
  4 adders
  3 shadow imps
  6 white imps
  2 ufetubi
  2 dart slugs
  82 orcs
  8 ball pythons
  7 endoplasms
  9 giant cockroaches
  7 goblins
  8 hobgoblins
  3 jackals (D:1)
  2 quokkas
  2 bats
  11 frilled lizards
  29 kobolds
  5 rats
  A butterfly (Lair:4)
  A starspawn tentacle (Abyss:3)
690 creatures vanquished.

Vanquished Creatures (collateral kills)
  An efreet (D:11)
  2 orcs (Orc:2)
3 creatures vanquished.

Vanquished Creatures (others)
  A centaur (D:11)
  An orc (D:11)
  8 starspawn tentacles (Abyss:3)
10 creatures vanquished.

Grand Total: 703 creatures vanquished

Notes
Turn   | Place    | Note
-------+----------+-------------------------------------------
     0 | D:1      | graymark the Gnoll Fighter began the quest for the Orb.
     0 | D:1      | Reached XP level 1. HP: 23/23 MP: 1/1
   116 | D:1      | Reached XP level 2. HP: 27/29 MP: 2/2
   231 | D:1      | Reached XP level 3. HP: 29/35 MP: 3/3
   334 | D:1      | Reached skill level 1 in Invocations
  1042 | D:2      | Reached skill level 1 in Short Blades
  1042 | D:2      | Reached skill level 1 in Long Blades
  1042 | D:2      | Reached skill level 1 in Axes
  1042 | D:2      | Reached skill level 1 in Maces & Flails
  1042 | D:2      | Reached skill level 1 in Staves
  1042 | D:2      | Reached skill level 1 in Ranged Weapons
  1042 | D:2      | Reached skill level 1 in Throwing
  1042 | D:2      | Reached skill level 1 in Dodging
  1042 | D:2      | Reached skill level 1 in Stealth
  1042 | D:2      | Reached skill level 1 in Unarmed Combat
  1042 | D:2      | Reached skill level 1 in Spellcasting
  1042 | D:2      | Reached skill level 1 in Evocations
  1064 | D:2      | Noticed Terence
  1086 | D:2      | Killed Terence
  1087 | D:2      | Reached XP level 4. HP: 16/41 MP: 5/5
  1476 | D:2      | Noticed Natasha
  1488 | D:2      | Killed Natasha
  1489 | D:2      | Reached skill level 1 in Conjurations
  1489 | D:2      | Reached skill level 1 in Hexes
  1489 | D:2      | Reached skill level 1 in Summonings
  1489 | D:2      | Reached skill level 1 in Necromancy
  1489 | D:2      | Reached skill level 1 in Translocations
  1489 | D:2      | Reached skill level 1 in Transmutations
  1489 | D:2      | Reached skill level 1 in Fire Magic
  1489 | D:2      | Reached skill level 1 in Ice Magic
  1489 | D:2      | Reached skill level 1 in Air Magic
  1489 | D:2      | Reached skill level 1 in Earth Magic
  1489 | D:2      | Reached skill level 1 in Poison Magic
  1678 | D:2      | Noticed Natasha
  1681 | D:2      | Killed Natasha
  1682 | D:2      | Reached XP level 5. HP: 47/47 MP: 5/7
  1758 | D:2      | Noticed Natasha
  1762 | D:2      | Killed Natasha
  1977 | D:3      | Reached XP level 6. HP: 48/53 MP: 8/8
  2030 | D:3      | Found a faded altar of an unknown god.
  2047 | D:3      | Prayed at the altar of an unknown god.
  2047 | D:3      | Became a worshipper of the Shining One
  2047 | D:3      | Reached * piety under the Shining One
  2158 | D:3      | Reached skill level 5 in Polearms
  2802 | D:4      | Reached XP level 7. HP: 53/60 MP: 10/10
  3384 | D:5      | Entered Level 5 of the Dungeon
  3582 | D:5      | Found a burning altar of Makhleb.
  3582 | D:5      | Noticed an Executioner
  3659 | D:5      | Found a glowing drain.
  3672 | Sewer    | Entered a sewer
  3681 | Sewer    | Noticed Pargi
  3689 | Sewer    | Killed Pargi
  3690 | Sewer    | Reached XP level 8. HP: 61/67 MP: 12/12
  4437 | D:6      | Reached ** piety under the Shining One
  4590 | D:6      | Found a staircase to the Ecumenical Temple.
  4683 | D:6      | Reached XP level 9. HP: 73/73 MP: 14/14
  5714 | D:7      | Found an iron altar of Okawaru.
  5718 | D:7      | Noticed Maggie
  5760 | D:7      | Killed Maggie
  6097 | D:7      | Reached skill level 5 in Invocations
  6403 | D:8      | Found a hide-covered altar of Uskayaw.
  6405 | D:8      | Found an ancient bone altar of Kikubaaqudgha.
  6407 | D:8      | Found a broken altar of Ashenzari.
  6526 | D:8      | Learned a level 2 spell: Wereblood
  6619 | D:8      | Noticed a troll
  6642 | D:8      | Killed a troll
  6643 | D:8      | Reached skill level 5 in Short Blades
  6643 | D:8      | Reached skill level 5 in Long Blades
  6643 | D:8      | Reached skill level 5 in Axes
  6643 | D:8      | Reached skill level 5 in Maces & Flails
  6643 | D:8      | Reached skill level 5 in Staves
  6643 | D:8      | Reached skill level 5 in Ranged Weapons
  6643 | D:8      | Reached skill level 5 in Throwing
  6643 | D:8      | Reached skill level 5 in Dodging
  6643 | D:8      | Reached skill level 5 in Stealth
  6643 | D:8      | Reached skill level 5 in Unarmed Combat
  6643 | D:8      | Reached skill level 5 in Spellcasting
  6643 | D:8      | Reached skill level 5 in Evocations
  6643 | D:8      | Reached XP level 10. HP: 68/82 MP: 17/17
  6893 | D:8      | Found a staircase to the Lair.
  6932 | D:8      | Found a stormy altar of Qazlal.
  7468 | D:9      | Noticed PaleRider's ghost (journeyman HOMo)
  7594 | D:9      | Reached *** piety under the Shining One
  7662 | D:9      | Found a runed translucent gate.
  7662 | D:9      | Found a runed translucent gate.
  7662 | D:9      | Found a runed translucent gate.
  7664 | D:9      | Found a shadowy altar of Dithmenos.
  8238 | D:10     | Entered Level 10 of the Dungeon
  8246 | D:10     | Noticed a two-headed ogre
  8254 | D:10     | Killed a two-headed ogre
  8398 | D:10     | Noticed Gastronok
  8475 | Lair:1   | Entered Level 1 of the Lair of Beasts
  8523 | Lair:1   | Reached skill level 5 in Conjurations
  8523 | Lair:1   | Reached skill level 5 in Hexes
  8523 | Lair:1   | Reached skill level 5 in Summonings
  8523 | Lair:1   | Reached skill level 5 in Necromancy
  8523 | Lair:1   | Reached skill level 5 in Translocations
  8523 | Lair:1   | Reached skill level 5 in Transmutations
  8523 | Lair:1   | Reached skill level 5 in Fire Magic
  8523 | Lair:1   | Reached skill level 5 in Ice Magic
  8523 | Lair:1   | Reached skill level 5 in Air Magic
  8523 | Lair:1   | Reached skill level 5 in Earth Magic
  8523 | Lair:1   | Reached skill level 5 in Poison Magic
  8523 | Lair:1   | Reached XP level 11. HP: 87/89 MP: 20/20
  8885 | Lair:1   | Noticed Yxuita's ghost (novice FeCj)
  8889 | Lair:1   | Noticed a death yak
  9253 | Lair:1   | Found a transporter.
  9265 | Lair:1   | Found a transporter.
 10172 | Lair:2   | Found a hole to the Spider Nest.
 10172 | Lair:2   | Noticed a pharaoh ant
 10178 | Lair:2   | Killed a pharaoh ant
 10944 | Lair:2   | Reached XP level 12. HP: 97/97 MP: 22/22
 11193 | Lair:2   | Found a staircase to the Swamp.
 11358 | Lair:3   | Reached **** piety under the Shining One
 11436 | Lair:3   | Learned a level 3 spell: Inner Flame
 11441 | Lair:3   | Learned a level 4 spell: Sticky Flame
 11621 | Lair:3   | Noticed a skyshark
 11647 | Lair:3   | Killed a skyshark
 11648 | Lair:3   | Reached skill level 10 in Fighting
 11648 | Lair:3   | Reached skill level 10 in Armour
 11648 | Lair:3   | Reached skill level 10 in Shields
 11704 | Lair:3   | Noticed a four-headed hydra
 11717 | Lair:3   | Killed a four-headed hydra
 12377 | Lair:4   | Learned a level 4 spell: Summon Lightning Spire
 12389 | Lair:4   | Identified the +8 chain mail of Sif Muna's Whim {Will-
                  | Int+5 Dex+3}
 12621 | Lair:4   | Noticed a skyshark
 12633 | Lair:4   | Killed a skyshark
 13025 | Lair:4   | Found a runed translucent door.
 13028 | Lair:4   | Found a staircase to the Slime Pits.
 13028 | Lair:4   | Noticed an acid blob
 13028 | Lair:4   | Noticed an acid blob
 13142 | Lair:5   | Entered Level 5 of the Lair of Beasts
 13183 | Lair:5   | Noticed an eight-headed hydra
 13197 | Lair:5   | Killed an eight-headed hydra
 13198 | Lair:5   | Reached XP level 13. HP: 83/104 MP: 20/25
 13750 | Lair:5   | Found a basalt altar of Yredelemnul.
 14025 | Lair:5   | Identified the +2 rapier "Kocu" {flame, Dex+4}
 14224 | Lair:5   | Reached skill level 10 in Polearms
 14400 | Lair:5   | Found a runed translucent door.
 14403 | Lair:5   | Noticed bmj180's ghost (journeyman DrIE)
 14829 | Lair:5   | Found the +8 trident of the Octopus King {venom, rElec
                  | rPois}
 15130 | Lair:5   | Reached XP level 14. HP: 113/113 MP: 27/27
 15175 | Lair:5   | Killed bmj180's ghost
 15176 | Lair:5   | Reached skill level 10 in Invocations
 15456 | D:9      | Killed PaleRider's ghost
 15642 | D:10     | Reached ***** piety under the Shining One
 15674 | D:10     | Noticed Josephine
 15690 | D:10     | Killed Josephine
 15903 | D:10     | Noticed Joseph
 15913 | D:10     | Killed Joseph
 16013 | D:10     | Killed Gastronok
 16310 | D:11     | Learned a level 3 spell: Swiftness
 16315 | D:11     | Learned a level 4 spell: Airstrike
 16598 | D:11     | HP: 4/113 [efreet/fireball (15)]
 16859 | D:11     | Identified the +2 hand axe "Itou" {pain, *Slow Int+4}
 16865 | D:11     | Identified the +4 arbalest "Usasir" {flame, +Blink rF+ rC+}
 17049 | D:11     | Noticed Sonja
 17054 | D:11     | Killed Sonja
 17083 | D:11     | Identified the +0 animal skin "Ziseth" {+Inv Fly rF+}
 17273 | D:11     | Found a staircase to the Orcish Mines.
 17532 | D:12     | Noticed Urug
 17539 | D:12     | Killed Urug
 17540 | D:12     | Noticed Snorg
 17554 | D:12     | Killed Snorg
 17987 | D:12     | Noticed Azrael
 18026 | D:12     | Killed Azrael
 18036 | D:12     | Found Midaobb's Antique Weapon Shoppe.
 18417 | Orc:1    | Entered Level 1 of the Orcish Mines
 18791 | Orc:1    | Found Ergherue's Antique Weapon Emporium.
 18851 | Orc:2    | Entered Level 2 of the Orcish Mines
 18973 | Orc:2    | Reached skill level 10 in Short Blades
 18973 | Orc:2    | Reached skill level 10 in Long Blades
 18973 | Orc:2    | Reached skill level 10 in Axes
 18973 | Orc:2    | Reached skill level 10 in Maces & Flails
 18973 | Orc:2    | Reached skill level 10 in Staves
 18973 | Orc:2    | Reached skill level 10 in Ranged Weapons
 18973 | Orc:2    | Reached skill level 10 in Throwing
 18973 | Orc:2    | Reached skill level 10 in Dodging
 18973 | Orc:2    | Reached skill level 10 in Stealth
 18973 | Orc:2    | Reached skill level 10 in Unarmed Combat
 18973 | Orc:2    | Reached skill level 10 in Spellcasting
 18973 | Orc:2    | Reached skill level 10 in Evocations
 19330 | Orc:2    | Noticed an orc warlord
 19384 | Orc:2    | Killed an orc warlord
 19385 | Orc:2    | Reached XP level 15. HP: 71/120 MP: 29/29
 19439 | Orc:2    | Found a staircase to the Elven Halls.
 19554 | Orc:2    | Reached ****** piety under the Shining One
 19697 | Orc:2    | Found Goskast's Weapon Emporium.
 19697 | Orc:2    | Found Hiwycow's Antique Armour Shoppe.
 19707 | Orc:2    | Found Veng's Assorted Antiques.
 19707 | Orc:2    | Found Fadas's Magic Scroll Shoppe.
 20056 | Orc:2    | Bought a scorched scale mail for 261 gold pieces
 20056 | Orc:2    | Identified the +0 scale mail of Hadjma {rPois Int+2} (You
                  | bought it in a shop on level 2 of the Orcish Mines)
 20056 | Orc:2    | Bought a twisted ring mail for 261 gold pieces
 20056 | Orc:2    | Identified the +0 ring mail of the Constellations {Str-2
                  | Dex+3} (You bought it in a shop on level 2 of the Orcish
                  | Mines)
 20056 | Orc:2    | Bought a pair of glowing boots for 217 gold pieces
 20063 | Orc:2    | Bought a shiny plate armour for 754 gold pieces
 20071 | Orc:2    | Bought a potion of resistance for 270 gold pieces
 20582 | D:13     | Identified the +0 rapier "Rips" {heavy, rN+}
 21414 | D:14     | Found a gate to the Vaults.
 21489 | D:14     | Found a runed translucent door.
 21489 | D:14     | Noticed Umoran's ghost (journeyman GrEE)
 22007 | D:14     | Found Kaefalilo's General Store.
 22019 | D:14     | Bought a +0 cloak of preservation for 161 gold pieces
 22077 | D:14     | Noticed Louise
 22092 | Abyss:3  | Cast into level 3 of the Abyss (Louise)
 22171 | Abyss:3  | Paralysed by accursed screaming for 1 turns
 22370 | Abyss:3  | Noticed a tentacled starspawn
 22505 | Abyss:3  | Killed a tentacled starspawn
 22531 | Abyss:3  | The Shining One protects you from harm!
 22537 | Abyss:3  | Collided with a stone wall

Illustrated notes

Levels and vault maps discovered:
D:1:      dpeg_arrival_fog, layout_loops_ring, minmay_lizard_pond
D:2:      layout_loops_ring, uniq_natasha, uniq_terence
D:3:      layout_basic, hellmonk_ecumenical_altar_crossroads,
          serial_corexii_hall, chequers_hall_statues_corner_a,
          corexii_hall_statues_i
D:4:      layout_loops_ring
D:5:      layout_loops_cross, makhleb_altar_promises_db, portal_sewer_entry_a,
          minmay_misc_feat_diagonals
D:6:      layout_layer_cave, minmay_temple_entry_grid,
          minmay_fractal_squares_diagonal_5
D:7:      layout_basic, okawaru_ov_weapons_minmay, feat_on_display, uniq_maggie
D:8:      layout_rooms, gammafunk_temple_overflow_forgotten,
          nicolae_qazlal_style_of_elements, erik_lair_island,
          kennysheep_generic_room_13
D:9:      layout_roguey, overflow_temple_1_default, gammafunk_ghost_icy
D:10:     layout_loops_ring, uniq_joseph, uniq_gastronok, uniq_josephine
D:11:     minmay_the_grid_triangle_9x9_recursive_2_mashed
          [minmay_the_grid_triangle_9x9_prize_schism,
          minmay_the_grid_triangle_9x9_wacky_v,
          minmay_the_grid_triangle_9x9_shrine,
          minmay_the_grid_triangle_9x9_thin_v], layout_irregular_city,
          erik_orc_1, nicolae_elevator_lobby_asterisk, uniq_sonja
D:12:     layout_gridville, serial_shops, shop, uniq_azrael, uniq_urug,
          uniq_snorg
D:13:     layout_long_grid
D:14:     layout_stronghold, erik_vaults_1, serial_shops,
          nicolae_shop_hallway_plus, ebering_ghost_inner_flame, uniq_louise
Lair:1:   layout_regular_city, nzn_ghost_randoct
Lair:2:   layout_long_grid, nicolae_swamp_entry_splash_gauntlet,
          nicolae_spider_entry_lesser_pyramids, serial_bayou_pond_b,
          grunt_megastairs_1
Lair:3:   layout_hall_layers, st_stairs_4, grunt_megastairs_3,
          infiniplex_staircase_pool
Lair:4:   layout_regular_city, slime_entry_2, chequers_serial_rivers_small_a,
          chequers_serial_rivers_marsh, lemuel_fruit_fields,
          serial_bayou_shore_b, serial_bayou_shore_a
Lair:5:   gammafunk_lair_ancient_temple, layout_gridlike, gammafunk_ghost_grave,
          nicolae_volcano_entry_lava_flow, basic_altar,
          nicolae_quartered_pool_medium
Orc:1:    layout_diamond_mine, serial_shops, nicolae_shop_just_a_little_nook,
          nooodl_orcs_dogs
Orc:2:    st_orc_mages, layout_diamond_mine, basic_altar
Abyss:3:  base: Orc:2, guppyfry_abyss_exit_imp_island,
          hangedman_abyss_or_decor_stabs

Skill      XL: |  1  2  3  4  5  6  7  8  9 10 11 12 13 14 15 |
---------------+----------------------------------------------+-----
Invocations    | 1 2 3 4 5 6 7 8 9 10 11 | 11.8
Short Blades   | 1 2 3 5 6 7 8 9 10 | 10.9
Long Blades    | 1 2 3 5 6 7 8 9 10 | 10.9
Axes           | 1 2 3 5 6 7 8 9 10 | 10.9
Maces & Flails | 1 2 3 5 6 7 8 9 10 | 10.9
Staves         | 1 2 3 5 6 7 8 9 10 | 10.9
Ranged Weapons | 1 2 3 5 6 7 8 9 10 | 10.9
Throwing       | 1 2 3 5 6 7 8 9 10 | 10.9
Dodging        | 1 2 3 5 6 7 8 9 10 | 10.9
Stealth        | 1 2 3 5 6 7 8 9 10 | 10.9
Unarmed Combat | 1 2 3 5 6 7 8 9 10 | 10.9
Spellcasting   | 1 2 3 5 6 7 8 9 10 | 10.9
Evocations     | 1 2 3 5 6 7 8 9 10 | 10.9
Conjurations   | 1 2 3 4 5 6 7 8 9 |  9.1
Hexes          | 1 2 3 4 5 6 7 8 9 |  9.1
Summonings     | 1 2 3 4 5 6 7 8 9 |  9.1
Necromancy     | 1 2 3 4 5 6 7 8 9 |  9.5
Translocations | 1 2 3 4 5 6 7 8 9 |  9.1
Transmutations | 1 2 3 4 5 6 7 8 9 |  9.1
Fire Magic     | 1 2 3 4 5 6 7 8 9 |  9.1
Ice Magic      | 1 2 3 4 5 6 7 8 9 |  9.1
Air Magic      | 1 2 3 4 5 6 7 8 9 |  9.1
Earth Magic    | 1 2 3 4 5 6 7 8 9 |  9.1
Poison Magic   | 1 2 3 4 5 6 7 8 9 |  9.1
Polearms       | 5 6 7 8 9 10 11 | 11.8
Fighting       | 7 8 9 10 11 12 | 12.6
Armour         | 7 8 9 10 11 12 | 12.6
Shields        | 7 8 9 10 11 12 | 12.6

Action                     |  1- 3 |  4- 6 |  7- 9 | 10-12 | 13-15 || total
---------------------------+-------+-------+-------+-------+-------++-------
  Melee: Trident           |   140 |   124 |   297 |   617 |  1801 ||  2979
         Bite              |     5 |    10 |    39 |    95 |   335 ||   484
         Flail             |       |       |       |       |    81 ||    81
   Fire: Sling             |       |       |       |       |    13 ||    13
   Cast: Summon Lightning  |       |       |       |       |     4 ||     4
         Airstrike         |       |       |       |       |     1 ||     1
 Invoke: Cleansing Flame   |       |       |       |     1 |     9 ||    10
         Divine Shield     |       |       |       |       |     3 ||     3
         Summon Divine War |       |       |       |       |     2 ||     2
  Evoke: Wand              |       |       |       |    21 |    28 ||    49
    Use: Potion            |     1 |       |       |     1 |     2 ||     4
         Scroll            |       |     2 |    19 |    12 |     5 ||    38
 Armour: Scale mail        |    36 |    37 |    78 |    67 |       ||   218
         Swamp dragon scal |       |       |       |    81 |   303 ||   384
         Plate armour      |       |       |       |       |    41 ||    41
  Dodge: Dodged            |    39 |    42 |   167 |   370 |   912 ||  1530
  Block: Buckler           |    31 |    19 |    57 |   180 |   595 ||   882
         Kite shield       |       |       |       |       |   149 ||   149

Table legend: (Time is in decaauts)
 A = Elapsed time spent in this place.
 B = Non-inter-level travel time spent in this place.
 C = Inter-level travel time spent in this place.
 D = Time resting spent in this place.
 E = Time spent auto-exploring this place.
 F = Levels seen in this place.
 G = Mean time per level.
                   A        B        C        D        E       F      G
               +--------+--------+--------+--------+--------+-----+--------+
         Total |  22260 |  20396 |   1864 |   2871 |   9421 |  23 |  967.8 |
       Dungeon |  13291 |  11981 |   1310 |   1335 |   6446 |  14 |  949.4 |
          Lair |   6636 |   6398 |    238 |   1335 |   2339 |   5 | 1327.2 |
  Orcish Mines |   1770 |   1455 |    315 |    130 |    568 |   2 |  885.0 |
         Abyss |    412 |    412 |      0 |     71 |      0 |   1 |  412.0 |
         Sewer |    151 |    151 |      0 |      0 |     67 |   1 |  151.0 |
               +--------+--------+--------+--------+--------+-----+--------+

Top non-repeatable levels by time:
  Lair:5: 2011 daAuts
  Lair:2: 1569 daAuts
     D:6: 1520 daAuts
    D:11: 1497 daAuts
  Lair:1: 1211 daAuts
     D:8: 1118 daAuts
     D:9: 1113 daAuts
   Orc:2: 1099 daAuts
     D:2: 1065 daAuts
  Lair:3: 1015 daAuts
    D:12: 877 daAuts
     D:4: 864 daAuts
  Lair:4: 827 daAuts
    D:10: 803 daAuts
    D:13: 793 daAuts
